 Dungeon Sprint DCSS version 0.18.1-50-g88ac8fd (webtiles) character file.

1482 Kagutsuchi the Fighter (level 8, -13/83 HPs)
             Began as a Pale Draconian Berserker on Oct 22, 2016.
             Was an Elder of Trog.
             Mangled by a polar bear (22 damage)
             ... in the Dungeon (Sprint II: "The Violet Keep of Menkaure").
             The game lasted 00:04:30 (335 turns).

Kagutsuchi the Fighter (Pale Draconian Berserker)    Turns: 335, Time: 00:04:31

Health: -13/83     AC:  6    Str: 19    XL:     8   Next: 50%
Magic:  8/8        EV: 18    Int:  7    God:    Trog [****..]
Gold:   423        SH:  0    Dex: 14    Spells: 0 memorised, 7 levels left

rFire  . . .     SeeInvis .     c - +0 great sword (slice)
rCold  . . .     Gourm    .     (armour unavailable)
rNeg   . . .     Faith    .     (shield currently unavailable)
rPois  .         Spirit   .     (helmet restricted)
rElec  .         Dismiss  .     (no cloak)
rCorr  .         Reflect  .     (no gloves)
SustAt .         Harm     .     (no boots)
MR     .....     NoTele   +     (no amulet)
Stlth  +.........               (no ring)
                                (no ring)

@: exhausted, very slightly contaminated, slowed, very slow, not resistant to
hostile enchantments, very unstealthy
A: breathe steam, unfitting armour, cold-blooded, AC +6
a: Breathe Steam, Berserk, Trog's Hand, Brothers in Arms, Burn Spellbooks,
Renounce Religion


You were in the Dungeon.
You worshipped Trog.
Trog was greatly pleased with you.
You were not hungry.

You visited 1 branch You collected 742 gold pieces.
You spent 319 gold pieces at shops.

Inventory:

Hand Weapons
 a - a +0 falchion
 c - a +0 great sword of slicing (weapon)
Potions
 b - a potion of curing
 e - a potion of haste
 f - 2 potions of magic
 g - a potion of berserk rage


   Skills:
 + Level 12.2 Fighting
 + Level 11.0 Long Blades
 + Level 10.8 Dodging


You had 7 spell levels left.
You didn't know any spells.

Dungeon Overview and Level Annotations

Branches:
Dungeon (1/1)

Altars:
Cheibriados
Dithmenos
Elyvilon
Fedhas
Gozag
Kikubaaqudgha
Makhleb
Nemelex Xobeh
Okawaru
Pakellas
Qazlal
Ru
Sif Muna
Trog
Vehumet
Xom
Yredelemnul
Zin
The Shining One
Beogh
Jiyva
Lugonu

Shops:
D =}:%([}[!=:?*:%!

Annotations:
D exclusion: oklob plant


Innate Abilities, Weirdness & Mutations

You can breathe blasts of scalding, opaque steam.
Your pale cyan-grey scales are hard (AC +6).
Your body does not fit into most forms of armour.
You are cold-blooded and may be slowed by cold attacks.


Message History

You feel better. The polar bear barely misses you.
The polar bear closely misses you. The polar bear barely misses you.
You're too exhausted to go berserk.
You barely miss the polar bear. The polar bear bites you!
* * * LOW HITPOINT WARNING * * *
The polar bear barely misses you. The polar bear completely misses you.
You slice the polar bear!!
The polar bear is severely wounded.
The polar bear goes berserk!
The polar bear bites you.
* * * LOW HITPOINT WARNING * * *
The polar bear misses you. The polar bear claws you!
* * * LOW HITPOINT WARNING * * *
You closely miss the polar bear.
The polar bear is severely wounded.
The polar bear completely misses you.
The polar bear claws you but does no damage.
The polar bear claws you.
* * * LOW HITPOINT WARNING * * *
The polar bear bites you!!
You die...

++# ... ##+##.. #. #$
.##.#### +.### .B B. ...#
#..@# .#. ###..## ##.h#
.# ##+###.##..# +..# .# $
##.##.###..# #..# .# (?
'.<.+##.'..####..##.# (!!
##.##...#....###...##▓▓▓▓
##÷###.##......≈)≈≈≈≈≈≈≈≈
#.#.####≈≈.....≈#†#######
.###.#≈≈≈≈≈≈≈..≈#........


You could see a polar bear (berserk).

Vanquished Creatures
  A siren (D)
  A yaktaur (D)
  2 polar bears (D)
  2 hippogriffs (D)
  Menkaure (D)
  A wasp (D)
  A hell rat (D)
  3 worms (D)
12 creatures vanquished.

Vanquished Creatures (others)
  A crocodile (D)
1 creature vanquished.

Grand Total: 13 creatures vanquished

Notes
Turn   | Place    | Note
--------------------------------------------------------------
     0 | D        | Kagutsuchi the Draconian Berserker began the quest for the Orb.
     0 | D        | Reached XP level 1. HP: 19/19 MP: 1/1
     9 | D        | Reached ** piety under Trog
     9 | D        | Reached skill level 4 in Fighting
    20 | D        | Reached XP level 2. HP: 3/27 MP: 2/2
    26 | D        | Killed a crocodile
    85 | D        | Noticed a boulder beetle
    85 | D        | Noticed a boulder beetle
    89 | D        | Noticed a hippogriff
    89 | D        | Noticed a hippogriff
    94 | D        | Killed a hippogriff
    94 | D        | Reached skill level 7 in Fighting
    94 | D        | Reached skill level 5 in Dodging
    94 | D        | Reached XP level 3. HP: 39/39 MP: 3/3
    94 | D        | Reached XP level 4. HP: 47/47 MP: 4/4
    94 | D        | Reached XP level 5. HP: 52/52 MP: 5/5
    98 | D        | Killed a hippogriff
    98 | D        | Reached skill level 8 in Fighting
    98 | D        | Reached XP level 6. HP: 62/62 MP: 6/6
   122 | D        | Noticed a siren
   147 | D        | Killed a siren
   147 | D        | Reached *** piety under Trog
   147 | D        | Reached skill level 10 in Fighting
   147 | D        | Your scales start taking on a pale cyan-grey colour.
   147 | D        | Reached XP level 7. HP: 49/73 MP: 7/7
   180 | D        | Found Kyeshraocs's Book Shoppe.
   180 | D        | Found Lusiunla's Food Shoppe.
   180 | D        | Found Buaggyos's Magic Scroll Emporium.
   180 | D        | Found Geusomal's General Store.
   180 | D        | Found Eryrr's Jewellery Shoppe.
   180 | D        | Found Rittamea's Book Shoppe.
   181 | D        | Found Soadakhe's Distillery.
   181 | D        | Found Mamaabla's Antique Armour Emporium.
   182 | D        | Found Taqipp's Gadget Shoppe.
   182 | D        | Found Gucuz's Antique Armour Emporium.
   183 | D        | Found Saugh's Distillery.
   184 | D        | Found Faqaqaim's Antique Weapon Shoppe.
   184 | D        | Found Poemnam's Food Emporium.
   184 | D        | Noticed Menkaure
   184 | D        | Noticed an oklob plant
   185 | D        | Found Feobaos's Gadget Shoppe.
   185 | D        | Found Xaofed's Jewellery Emporium.
   185 | D        | Found Geph's Book Shoppe.
   192 | D        | Bought a potion of curing for 33 gold pieces
   192 | D        | Bought a potion of curing for 33 gold pieces
   192 | D        | Bought a potion of curing for 33 gold pieces
   195 | D        | Noticed an iron elemental
   198 | D        | Bought a glowing great sword for 130 gold pieces
   205 | D        | Killed Menkaure
   210 | D        | Bought a potion of curing for 30 gold pieces
   210 | D        | Bought 2 potions of curing for 60 gold pieces
   301 | D        | Found a roughly hewn altar of Beogh.
   302 | D        | Found a burning altar of Makhleb.
   303 | D        | Found a glowing golden altar of the Shining One.
   303 | D        | Found a corrupted altar of Lugonu.
   303 | D        | Found a blossoming altar of Fedhas.
   303 | D        | Found a radiant altar of Vehumet.
   304 | D        | Found a stormy altar of Qazlal.
   304 | D        | Found an oddly glowing altar of Pakellas.
   304 | D        | Found a sacrificial altar of Ru.
   305 | D        | Found an iron altar of Okawaru.
   305 | D        | Found a basalt altar of Yredelemnul.
   306 | D        | Found a glowing silver altar of Zin.
   306 | D        | Found a shadowy altar of Dithmenos.
   307 | D        | Found an ancient bone altar of Kikubaaqudgha.
   307 | D        | Found a sparkling altar of Nemelex Xobeh.
   307 | D        | Found a white marble altar of Elyvilon.
   307 | D        | Noticed a polar bear
   309 | D        | Found a viscous altar of Jiyva.
   309 | D        | Found an opulent altar of Gozag.
   309 | D        | Found a bloodstained altar of Trog.
   309 | D        | Noticed a polar bear
   310 | D        | Noticed a polar bear
   310 | D        | Found a shimmering altar of Xom.
   310 | D        | Found a deep blue altar of Sif Muna.
   310 | D        | Found a snail-covered altar of Cheibriados.
   311 | D        | Noticed a yaktaur
   314 | D        | Killed a polar bear
   314 | D        | Reached **** piety under Trog
   314 | D        | Reached skill level 11 in Fighting
   314 | D        | Reached skill level 10 in Long Blades
   316 | D        | Reached skill level 10 in Dodging
   316 | D        | Reached XP level 8. HP: 82/82 MP: 8/8
   320 | D        | Killed a polar bear
   326 | D        | Killed a yaktaur
   326 | D        | Reached skill level 12 in Fighting
   335 | D        | Mangled by a polar bear

Skill      XL: |  1  2  3  4  5  6  7  8 |
---------------+-------------------------+-----
Dodging        | 3 5 7 9 10 | 10.8
Fighting       | 4 7 8 10 11 12 | 12.2
Long Blades    | 6 7 9 10 11 | 11.0

Action                   |  1- 3 |  4- 6 |  7- 9 || total
-------------------------+-------+-------+-------++-------
Melee: Falchion          |    20 |    26 |       ||    46
       Tailslap          |     4 |     4 |     6 ||    14
       Great sword       |       |       |    18 ||    18
Invok: Berserk           |     2 |       |     1 ||     3
 Abil: Breathe Steam     |       |       |     2 ||     2
  Use: Potion            |     1 |       |     6 ||     7
       Scroll            |       |       |     1 ||     1
  Eat: Bread ration      |       |     1 |       ||     1
Armor: Skin              |     2 |     2 |     8 ||    12
Dodge: Dodged            |    10 |     7 |    35 ||    52
